 Dungeon Crawl Stone Soup version 0.31-a0-426-g3a05650e59 (webtiles) character file.

Game seed: 15312651600001377292

941 Gelion the Changeling (level 8, 0/54 HPs)
             Began as an Octopode Shapeshifter on July 30, 2023.
             Was an Initiate of Gozag.
             Killed by nerve-wracking pain
             ... invoked by an orc priest
              (5 damage)
             ... on level 6 of the Dungeon.
             The game lasted 00:07:50 (4825 turns).

Gelion the Changeling (Octopode Shapeshifter)       Turns: 4825, Time: 00:07:51

Health: 0/54       AC:  1    Str: 14    XL:     8   Next: 12%
Magic:  8/8        EV: 13    Int: 11    God:    Gozag
Gold:   414        SH:  0    Dex: 14    Spells: 4/7 levels left

rFire   . .          .
                       - Unarmed
rCold   . . .        (no shield)
rNeg    + . .        (helmet currently unavailable)
rPois   .            (no amulet)
rElec   .            e - ring of resist corrosion
rCorr   +            o - ring of positive energy
SInv    .            (no ring)
Will    .....        (no ring)
Stlth   ++           (no ring)
HPRegen 0.29/turn    (no ring)
MPRegen 0.11/turn    (no ring)
                     (no ring)

%: no passive effects
@: beast-form, gold aura
A: beast (slay +4), almost no armour, amphibious, 8 rings, camouflage 1,
gelatinous body 1, (nimble swimmer 1), tentacles
a: Begin Untransformation, Renounce Religion, Potion Petition, Call Merchant,
Bribe Branch


You were on level 6 of the Dungeon.
You worshipped Gozag.
Gozag was aware of your devotion.
You were a hulking beast.
You visited 1 branch of the dungeon, and saw 6 of its levels.

You collected 489 gold pieces.
You paid 75 gold pieces to Gozag.

Inventory:

Missiles
 f - 4 javelins
Jewellery
 e - a ring of resist corrosion (left tentacle)
 o - a ring of positive energy (right tentacle)
Talismans
 b - a beast talisman (active)
Scrolls
 g - a scroll of vulnerability
 j - a scroll of amnesia {unknown}
 l - a scroll of fear
 m - a scroll of fog
Potions
 a - a potion of lignification
 c - a potion of enlightenment
 d - 2 potions of curing
 h - 2 potions of mutation
 k - a potion of attraction {unknown}


   Skills:
 + Level 4.3 Fighting
 - Level 2.0 Dodging
 + Level 5.3 Unarmed Combat
 + Level 0.3 Spellcasting
 + Level 0.5 Translocations
 * Level 6.1 Shapeshifting


You had 4 spell levels left.
You knew the following spells:

 Your Spells              Type           Power      Damage    Failure   Level
a - Gell's Gravitas       Tloc           1%         N/A       63%         3

Your spell library contained the following spells:

 Spells                   Type           Power      Damage    Failure   Level
 Teleport Other           Tloc           1%         N/A       63%         3
 Inner Flame              Hex/Fire       0%         N/A       71%         3
 Yara's Violent Unravell  Hex/Tmut       0%         3d3       100%        5
 Dispersal                Tloc           0%         N/A       100%        6
 Enfeeble                 Hex            0%         N/A       100%        7


Dungeon Overview and Level Annotations

Branches:
Dungeon (6/15)             Temple (0/1) D:5

Altars:
Dithmenos
Gozag
Okawaru
Uskayaw

Shops:
D:1 ?


Innate Abilities, Weirdness & Mutations

You are a hulking beast.
Your limbs bulge with bestial killing power. (Slay +4)
You cannot wear most types of armour.
You are amphibious.
You can wear up to eight rings at the same time.
Your skin changes colour to match your surroundings (Stealth+).
Your rubbery body absorbs attacks. (AC +1, EV +1)
((You are camouflaged when in or above water. (Stealth+)))
You have tentacles for arms and can constrict up to eight enemies at once.


Message History

You constrict the orc wizard, but do no damage.
You feel sick.
The orc wizard hits you with a +0 dagger.
You bludgeon the orc wizard!
You kill the orc wizard!
You feel sick.
No target in view!
You feel sick.
The orc priest is distracted by your dazzling golden aura. x2
Things that are here:
11 gold pieces; a +0 dagger; a +0 robe An orc comes into view.
It is wielding a +0 club.
You feel sick.
You feel sick.
The orc is distracted by your dazzling golden aura.
You barely miss the orc priest.
The orc priest is no longer distracted by gold.
The orc priest shouts! x2; The orc shouts!
You grab the orc priest. You constrict the orc priest.
You feel sick.
The orc is no longer distracted by gold.
The orc priest hits you with a +0 flail!
You completely miss the orc priest.
The orc priest is moderately wounded.
You constrict the orc priest.
You feel sick.
The orc priest invokes the aid of Beogh against you.
Beogh smites you!
* * * LOW HITPOINT WARNING * * *
You bludgeon the orc priest!
You kill the orc priest!
You feel sick.
You are no longer poisoned.
The orc priest is no longer distracted by gold.
You hear some strange, mumbled words.
A puff of flame appears from out of thin air!
The puff of flame hits you!
* * * LOW HITPOINT WARNING * * *
The orc priest invokes the aid of Beogh against you.
Pain shoots through your body!
You die...
Your body crumbles into a pile of gold.

#.. ### #.# #.#.
..# #.# #.#.
#.#.#####.# #<#.
###
.........####.#.
##### .>#
###..........[.
.....
#.###...........##
##### #
#.#..###########
###o#o###$#.#
...ooo$h..#.#
###.#{#####.# ###
.. #.# ... ## ..#
... ..# ### .##


You could see 2 orc priests and 3 orcs.

Vanquished Creatures
  2 black bears (D:6)
  An orc warrior (D:6)
  A phantom (D:4)
  A scorpion (D:6)
  A jelly (D:5)
  A hound (D:6)
  2 orc priests (D:6)
  2 iguanas (D:5)
  2 sleepcaps (D:5)
  5 orc wizards
  A gnoll (D:1)
  5 adders
  5 river rats (D:6)
  A white imp (D:5)
  An ufetubus (D:4)
  A worm (D:2)
  4 dart slugs
  14 orcs
  3 bats
  4 endoplasms
  2 giant cockroaches
  2 goblins
  8 hobgoblins
  8 kobolds
  3 quokkas
  7 ball pythons
  A frilled lizard (D:1)
  5 rats
93 creatures vanquished.

Notes
Turn   | Place    | Note
-------+----------+-------------------------------------------
     0 | D:1      | Gelion the Octopode Shapeshifter began the quest for the
                  | Orb.
     0 | D:1      | Reached XP level 1. HP: 13/13 MP: 1/1
    53 | D:1      | Reached XP level 2. HP: 14/18 MP: 2/2
   177 | D:1      | Reached XP level 3. HP: 23/23 MP: 3/3
   336 | D:1      | Found Ycweakimm's Magic Scroll Emporium.
   510 | D:2      | Found a faded altar of an unknown god.
  1292 | D:3      | Reached XP level 4. HP: 29/29 MP: 4/4
  1522 | D:3      | Found a shadowy altar of Dithmenos.
  1813 | D:3      | Reached skill level 4 in Shapeshifting
  1813 | D:3      | Reached XP level 5. HP: 7/34 MP: 5/5
  1960 | D:4      | Found an iron altar of Okawaru.
  2226 | D:4      | Noticed a phantom
  2236 | D:4      | Killed a phantom
  2371 | D:4      | Noticed a centaur
  2371 | D:4      | Noticed a centaur
  2434 | D:4      | Found an opulent altar of Gozag.
  2485 | D:4      | Became a worshipper of Gozag Ym Sagoz the Greedy
  2613 | D:5      | Entered Level 5 of the Dungeon
  2711 | D:5      | Reached XP level 6. HP: 41/41 MP: 6/6
  2811 | D:5      | HP: 2/42 [something (3)]
  3050 | D:5      | Found a staircase to the Ecumenical Temple.
  3393 | D:5      | Reached skill level 5 in Shapeshifting
  3503 | D:5      | Found a hide-covered altar of Uskayaw.
  3768 | D:5      | Reached XP level 7. HP: 46/46 MP: 7/7
  4174 | D:6      | Reached skill level 5 in Unarmed Combat
  4605 | D:6      | Reached skill level 6 in Shapeshifting
  4609 | D:6      | Reached XP level 8. HP: 40/54 MP: 8/8
  4719 | D:6      | Learned a level 3 spell: Gell's Gravitas
  4825 | D:6      | Killed from afar by an orc priest

Illustrated notes

Levels and vault maps discovered:
D:1:      heliophobic_arrival_battle_scene, layout_rooms, serial_shops,
          nicolae_shop_crystal
D:2:      layout_basic, nicolae_ecumenical_snake_handling
D:3:      layout_rooms, nicolae_dithmenos_the_darkroom
D:4:      layout_cave_pools, okawaru_metal_pillars_3,
          mainiacjoe_overflow_surrounded_room, lightli_corner_chamber
D:5:      layout_basic, nicolae_uskayaw_suspiria, minmay_temple_entry_grid
D:6:      wander_guarded_unrand_ratskin, layout_loops_ring

Skill      XL: |  1  2  3  4  5  6  7 |
---------------+----------------------+-----
Fighting       | 2 3 4 |  4.3
Shapeshifting  | 4 5 6 |  6.1
Unarmed Combat | 4 5 |  5.3
Dodging        | |  2.0
Spellcasting   | |  0.3
Translocations | |  0.5

Action                     |  1- 3 |  4- 6 |  7- 9 || total
---------------------------+-------+-------+-------++-------
  Melee: Unarmed           |    51 |   110 |    48 ||   209
         Constrict         |    14 |    27 |    12 ||    53
         Tentacles         |    12 |    28 |    13 ||    53
         Punch             |       |     2 |     2 ||     4
    Use: Scroll            |     3 |     8 |     1 ||    12
         Potion            |       |     3 |     1 ||     4
   Stab: Sleeping          |     5 |     4 |     3 ||    12
 Armour: Skin              |     5 |     2 |     3 ||    10
  Dodge: Dodged            |    32 |    52 |    24 ||   108

Table legend: (Time is in decaauts)
 A = Elapsed time spent in this place.
 B = Non-inter-level travel time spent in this place.
 C = Inter-level travel time spent in this place.
 D = Time resting spent in this place.
 E = Time spent auto-exploring this place.
 F = Levels seen in this place.
 G = Mean time per level.
                   A        B        C        D        E       F      G
               +--------+--------+--------+--------+--------+-----+--------+
         Total |   4806 |   4656 |    150 |    159 |   3853 |   6 |  801.0 |
       Dungeon |   4806 |   4656 |    150 |    159 |   3853 |   6 |  801.0 |
               +--------+--------+--------+--------+--------+-----+--------+

Top non-repeatable levels by time:
     D:5: 1189 daAuts
     D:6: 1012 daAuts
     D:2: 828 daAuts
     D:3: 669 daAuts
     D:4: 651 daAuts
     D:1: 455 daAuts
